 Dungeon Crawl Stone Soup version 0.31-a0-486-g8d68a81214 (webtiles) character file.

Game seed: 5002515563149317984

7 AstroCodex24 the Shield-Bearer (level 1, 0/18 HPs)
             Began as a Demigod Fighter on Aug 7, 2023.
             Slain by a quokka (4 damage)
             ... on level 2 of the Dungeon.
             The game lasted 00:00:55 (273 turns).

AstroCodex24 the Shield-Bearer (Demigod Fighter)     Turns: 273, Time: 00:00:55

Health: 0/18       AC:  6    Str: 17    XL:     1   Next: 73%
Magic:  3/3        EV:  9    Int: 10    God:
Gold:   31         SH:  4    Dex: 13    Spells: 0/0 levels left

rFire   . . .        a - +0 war axe
rCold   . . .        c - +0 buckler
rNeg    . . .        b - +0 scale mail
rPois   .            (no helmet)
rElec   .            (no cloak)
rCorr   .            (no gloves)
SInv    .            (no boots)
Will    .....        (no amulet) Stlth
                     (no ring)
HPRegen 0.23/turn    (no ring)
MPRegen 0.08/turn

%: no passive effects
@: no status effects
A: high MP 1, forlorn, divine attributes
a: no special abilities


You were on level 2 of the Dungeon.
You visited 1 branch of the dungeon, and saw 2 of its levels.

You collected 31 gold pieces.

Inventory:

Hand Weapons
 a - a +0 war axe (weapon)
Armour
 b - a +0 scale mail (worn)
 c - a +0 buckler (worn)
Scrolls
 g - a scroll of brand weapon {unknown}
 i - a scroll of identify {unknown}
Potions
 d - a potion of might
 e - a potion of heal wounds {unknown}
 f - a potion of attraction {unknown}
 h - a potion of enlightenment {unknown}


   Skills:
 + Level 2.8 Fighting
 + Level 1.7 Axes
 + Level 2.7 Armour
 + Level 3.0 Shields


You couldn't memorise any spells.
You didn't know any spells.
Your spell library was empty.

Dungeon Overview and Level Annotations

Branches:
Dungeon (2/15)


Innate Abilities, Weirdness & Mutations

You have an increased reservoir of magic. (+10% MP)
You shall have no god before yourself.
Your divine heritage dramatically boosts your attributes as you level up.


Message History

You closely miss the quokka.
The quokka is severely wounded.
The quokka bites you.
You hit the quokka but do no damage.
The quokka is severely wounded.
The quokka misses you. The quokka barely misses you.
You hit the quokka.
You kill the quokka!
Found a scroll labelled ICWUSUNIY.
i - a scroll labelled ICWUSUNIY A giant cockroach and 3 orcs come into view.
The orc shouts! x2
The giant cockroach moves out of view.
The orc moves out of view.
A quokka and an orc come into view.
Found a scroll labelled JOQYVV BATE.
The orc shouts!
The quokka moves out of view.
The orc hits you with a +0 war axe.
You hit the orc.
The orc is heavily wounded.
The orc completely misses you. The orc hits you but does no damage.
You hit the orc.
You kill the orc!
You hit the quokka. The quokka bites you.
The quokka twitches its whiskers.
The quokka bites you.
You slash the orc!
You kill the orc!
You hit the quokka but do no damage. You block the quokka's attack.
The quokka bites you but does no damage.
Your Shields skill increases to level 3!
The orc barely misses you. The quokka barely misses you.
Items here: )) [ †.
You barely miss the orc. You miss the quokka. The orc hits you with a +0 flail.
You block the quokka's attack. The orc hits you but does no damage.
The quokka bites you.
* * * LOW HITPOINT WARNING * * *
You hit the orc but do no damage. You barely miss the quokka.
The quokka bites you.
You die...

#.################
#.# #.# #.# #.#
#.# #.# #
.#######r#.#####
......?.@oo.....
##########.#####
... ...# .....
o.## ..#


You could see 2 orcs and a quokka.

Vanquished Creatures
  2 orcs (D:2)
  A hobgoblin (D:1)
  A quokka (D:2)
  A frilled lizard (D:1)
5 creatures vanquished.

Notes
Turn   | Place    | Note
-------+----------+-------------------------------------------
     0 | D:1      | AstroCodex24 the Demigod Fighter began the quest for the
                  | Orb.
     0 | D:1      | Reached XP level 1. HP: 18/18 MP: 3/3
   271 | D:2      | Reached skill level 3 in Shields
   273 | D:2      | Slain by a quokka

Illustrated notes

Levels and vault maps discovered:
D:1:      minmay_arrival_up_and_down, layout_loops_cross,
          hellmonk_ecumenical_altar_lost_god
D:2:      layout_basic

Skill      XL: |  1 |
---------------+----+-----
Shields        | 3 |  3.0
Fighting       | |  2.8
Axes           | |  1.7
Armour         | |  2.7

Action                     || total
---------------------------++-------
  Melee: War axe           ||    24
 Armour: Scale mail        ||     8
  Dodge: Dodged            ||    15
  Block: Buckler           ||     9

Table legend: (Time is in decaauts)
 A = Elapsed time spent in this place.
 B = Non-inter-level travel time spent in this place.
 C = Inter-level travel time spent in this place.
 D = Time resting spent in this place.
 E = Time spent auto-exploring this place.
 F = Levels seen in this place.
 G = Mean time per level.
                   A        B        C        D        E       F      G
               +--------+--------+--------+--------+--------+-----+--------+
         Total |    282 |    282 |      0 |      0 |      0 |   2 |  141.0 |
       Dungeon |    282 |    282 |      0 |      0 |      0 |   2 |  141.0 |
               +--------+--------+--------+--------+--------+-----+--------+

Top non-repeatable levels by time:
     D:1: 213 daAuts
     D:2: 69 daAuts
